 Dungeon Crawl Stone Soup version 0.23-a0-293-g65bf2d1 (webtiles) character file.

34 rgaf the Skirmisher (level 3, -2/24 HPs)
             Began as a Gargoyle Monk on Oct 3, 2018.
             Slain by an adder (3 damage)
             ... on level 1 of the Dungeon.
             The game lasted 00:01:21 (1941 turns).

rgaf the Skirmisher (Gargoyle Monk)                 Turns: 1941, Time: 00:01:21

Health: -2/24      AC:  6    Str: 15    XL:     3   Next: 31%
Magic:  3/3        EV: 12    Int: 10    God:
Gold:   129        SH:  0    Dex: 12    Spells: 2/2 levels left

rFire    . . .     SeeInvis .   a - +0 hand axe
rCold    . . .     Gourm    .   (no shield)
rNeg     + . .     Faith    .   b - +0 robe
rPois    ∞         Spirit   .   i - +0 helmet
rElec    +         Reflect  .   (no cloak)
rCorr    .         Harm     .   (no gloves)
MR       .....                  (no boots)
Stlth    ++........             (no amulet)
HPRegen  0.08/turn              (no ring)
MPRegen  0.08/turn              (no ring)

@: starving
A: negative energy resistance 1, electricity resistance, unbreathing,
petrification resistance, rot immunity, AC +3
a: no special abilities


You were on level 1 of the Dungeon.
You were starving.

You visited 1 branch of the dungeon, and saw 2 of its levels.

You collected 129 gold pieces.

Inventory:

Hand Weapons
 a - a +0 hand axe (weapon)
Armour
 b - a +0 robe (worn)
 i - a +0 helmet (worn)
Jewellery
 m - an uncursed amulet of regeneration {unknown}
Scrolls
 d - a scroll of amnesia {unknown}
 e - a scroll of teleportation {unknown}
 f - 2 scrolls of identify {unknown}
 g - a scroll of fear {unknown}
 j - a scroll of remove curse {unknown}
Potions
 h - a potion of curing {unknown}
 k - a potion of cancellation {unknown}
 l - a potion of flight {unknown}
Comestibles
 c - 4 rations


   Skills:
 + Level 3.6 Fighting
 * Level 3.3 Axes
 + Level 1.3 Armour
 - Level 2.4 Dodging
 - Level 2.1 Stealth


You had 2 spell levels left.
You didn't know any spells.
Your spell library was empty.

Dungeon Overview and Level Annotations

Branches:
Dungeon (2/15)

Altars:


Innate Abilities, Weirdness & Mutations

You are resistant to torment.
Your stone body is resilient. (AC +3)
You are immune to poison.
You resist negative energy. (rN+)
You are resistant to electric shocks. (rElec)
You can survive without breathing.
You are immune to petrification.
You are immune to rotting.


Message History

The adder bites you.
* * * LOW HITPOINT WARNING * * *
You closely miss the adder.
The adder is heavily wounded.
The adder misses you. The adder bites you.
* * * LOW HITPOINT WARNING * * *
You closely miss the adder.
The adder is heavily wounded.
The adder bites you.
* * * LOW HITPOINT WARNING * * *
You barely miss the adder.
The adder is heavily wounded.
The adder misses you. The adder barely misses you.
You hit the adder but do no damage.
The adder is heavily wounded.
The adder misses you.
You hit the adder.
The adder is severely wounded.
The adder bites you.
You die...

#...##..#.# #.# ###
######..#.# #.#
#..#.###.####
#..#........#
#..#........#
#..#....)...#######
#..#..)............
#..##.....>.#######
#.@.#.......# #
##.S#.......# ♣
#..####.#### #
##..# #.####### ♣
######...#
#.......# #
#........#
#######.# #
##########.####.###
##.####
............# #.#
#......
.#########..###.#
###......


You could see an adder.

Vanquished Creatures
  An adder (D:1)
  A worm (D:2)
  2 giant cockroaches
  A goblin (D:1)
  3 hobgoblins (D:1)
  A quokka (D:1)
  4 bats
  3 frilled lizards
  3 kobolds
  4 rats (D:1)
23 creatures vanquished.

Notes
Turn   | Place    | Note
-------+----------+-------------------------------------------
     0 | D:1      | rgaf the Gargoyle Monk began the quest for the Orb.
     0 | D:1      | Reached XP level 1. HP: 14/14 MP: 1/1
   276 | D:1      | Reached XP level 2. HP: 19/19 MP: 2/2
   910 | D:2      | Reached skill level 1 in Armour
  1414 | D:1      | Reached XP level 3. HP: 10/24 MP: 3/3
  1938 | D:1      | HP: 1/24 [adder (4)]
  1941 | D:1      | Slain by an adder

Vault maps used:
D:1:      eino_arrival_tree_alley, serial_forest, infiniplex_forest_corner_1,
          infiniplex_forest_straight_1, infiniplex_forest_straight_4,
          infiniplex_forest_lined_corner, infiniplex_forest_end_double,
          infiniplex_forest_lined_corner, infiniplex_forest_lined_2,
          infiniplex_forest_lined_ring, infiniplex_forest_lined_1,
          infiniplex_forest_clump_small
D:2:      minmay_misc_feat_alley

Skill      XL: |  1  2 |
---------------+-------+-----
Axes           | 3 |  3.3
Armour         | 1 |  1.3
Fighting       | |  3.6
Dodging        | |  2.4
Stealth        | |  2.1

Action                   || total
-------------------------++-------
Melee: Hand axe          ||   103
 Stab: Sleeping          ||     1
  Eat: Chunk             ||     1
Armor: Robe              ||    51
Dodge: Dodged            ||    75

Table legend:
 A = Non-vault XP
 B = Vault XP
 C = Vault XP percentage of total XP
 D = Non-vault monster count
 E = Vault monster count
 F = Vault count percentage of total count
                 A         B        C        D         E       F
            +---------+---------+-------+---------+---------+-------
      Total |      49 |       0 |   0.0 |      23 |       0 |   0.0
            +---------+---------+-------+---------+---------+-------
        D:1 |      37 |       0 |   0.0 |      18 |       0 |   0.0
        D:2 |      12 |       0 |   0.0 |       5 |       0 |   0.0
            +---------+---------+-------+---------+---------+-------
